 Dungeon Crawl Stone Soup version 0.27-a0-1140-g099f9bb0e8 (webtiles) character file.

Game seed: 10241650744153340054

13948 jasper the Blocker (level 11, 0/90 HPs)
             Began as a Demonspawn Wanderer on May 8, 2021.
             Was an Elder of Cheibriados.
             Killed from afar by an electric eel (4 damage)
             ... with a bolt of electricity
             ... on level 11 of the Dungeon.
             The game lasted 00:22:55 (14449 turns).

jasper the Blocker (Demonspawn Wanderer)           Turns: 14449, Time: 00:22:55

Health: 0/90       AC: 29    Str: 25    XL:     11   Next: 82%
Magic:  14/14      EV:  7    Int: 28    God:    Cheibriados [****..]
Gold:   1104       SH: 26    Dex: 20    Spells: 10/10 levels left

rFire    + + +     SeeInvis +     - Unarmed
rCold    + + +     Faith    .   H - +3 tower shield {rF+}
rNeg     + . .     Spirit   .   U - +5 scale mail of Defence {Int+3}
rPois    +         Reflect  .   b - +0 helmet
rElec    .         Harm     .   h - +0 cloak
rCorr    .         Rampage  .   Y - +0 pair of gloves {archery}
Will     +....                  N - +0 pair of boots of Imperfection {rF+ rN+ Str-3}
Stlth    +.........             r - amulet of Jemiomm {Acrobat *Slow rPois rF+ rC++ Str+4}
HPRegen  0.25/turn              W - ring "Liaw" {rF+ rC+++ Str+3 Int-3 SInv}
MPRegen  0.14/turn              R - ring of willpower

@: sanguine armoured, very slow
A: claws 1, foul stench 2, icemail 2, sanguine armour 1, condensation shield
a: Renounce Religion, Bend Time, Temporal Distortion, Slouch


You were on level 11 of the Dungeon.
You worshipped Cheibriados.
Cheibriados was greatly pleased with you.
You visited 2 branches of the dungeon, and saw 12 of its levels.
You also visited: Gauntlet.

You collected 1104 gold pieces.

Inventory:

Hand Weapons
 a - a +2 dagger
 c - a +0 hand crossbow
 e - a +0 spear
 x - a +1 trident of flaming
 A - a +0 whip of electrocution
Missiles
 d - 33 bolts
 u - 37 poisoned darts (quivered)
 y - 8 boomerangs
 z - a throwing net
 J - 5 curare-tipped darts
 T - 21 javelins
Armour
 b - a +0 helmet (worn)
 h - a +0 cloak (worn)
 E - a +2 robe of positive energy
 H - a +3 tower shield of fire resistance (worn)
 N - the +0 pair of boots of Imperfection (worn) {rF+ rN+ Str-3}
   (You found it in a Gauntlet)

   It affects your strength (-3).
   It protects you from fire.
   It protects you from negative energy.
 U - the +5 scale mail of Defence (worn) {Int+3}
   (You took it off a minotaur in a Gauntlet)

   It affects your intelligence (+3).
 X - the -4 cloak "Tiusomey" {+Blink SInv}
   (You found it in a Gauntlet)

   It lets you see invisible.
   It lets you blink.
 Y - a +0 pair of gloves of archery (worn)
Jewellery
 p - an amulet of magic regeneration
 r - the amulet of Jemiomm (around neck) {Acrobat *Slow rPois rF+ rC++ Str+4}
   (You acquired it on level 5 of the Dungeon)

   [amulet of the acrobat]

   It increases your evasion while moving and waiting.
   It affects your strength (+4).
   It protects you from fire.
   It greatly protects you from cold.
   It protects you from poison.
   It may slow you when you take damage.
 C - a ring of wizardry
 G - a ring of protection from fire
 R - a ring of willpower (right hand)
 W - the ring "Liaw" (left hand) {rF+ rC+++ Str+3 Int-3 SInv}
   (You found it in a Gauntlet)

   [ring of see invisible]

   It affects your strength (+3).
   It affects your intelligence (-3).
   It protects you from fire.
   It renders you almost immune to cold.
   It lets you see invisible.
Wands
 B - a wand of flame (45)
 S - a wand of acid (4)
Scrolls
 n - 7 scrolls of teleportation
 q - a scroll of immolation
 F - a scroll of fear
 I - 4 scrolls of amnesia
 K - 2 scrolls of noise
 O - a scroll of brand weapon {unknown}
 V - 2 scrolls of identify
Potions
 g - 3 potions of brilliance
 j - 2 potions of attraction
 m - 3 potions of degeneration
 o - 2 potions of berserk rage
 s - a potion of magic
 t - a potion of haste
 v - 3 potions of curing {unknown}
 w - a potion of resistance {unknown}
 D - a potion of flight {unknown}
 L - a potion of mutation {unknown}
 M - 2 potions of might {unknown}


   Skills:
 - Level 10.0 Fighting
 - Level 2.6 Polearms
 - Level 5.0 Crossbows
 - Level 1.0 Dodging
 - Level 1.7 Stealth
 - Level 10.0 Shields
 - Level 10.0 Unarmed Combat
 + Level 4.9 Invocations


You had 10 spell levels left.
You didn't know any spells.
Your spell library was empty.

Dungeon Overview and Level Annotations

Branches:
Dungeon (11/15)            Temple (1/1) D:6            Lair (0/6) D:10
Gauntlet (visited)
    Orc: D:9-12

Altars:
Ashenzari
Cheibriados
Gozag
Qazlal
Sif Muna
Trog

Annotations:
D:3 Sigmund
D:4 Grinder


Innate Abilities, Weirdness & Mutations

You have sharp fingernails.
You sometimes emit foul miasma when damaged in melee.
A meltable icy envelope protects you from harm. (AC +8)
When seriously injured, your bleeding wounds create armour. (AC +6)
A meltable shield of frost defends you. (SH +4)


Message History

The two-headed ogre hits you with a +0 giant club!
* * * LOW HITPOINT WARNING * * *
You block the two-headed ogre's attack.
The centaur warrior zombie barely misses you.
The centaur warrior zombie kicks you but does no damage.
The centaur warrior zombie hits you but does no damage.
The centaur warrior zombie kicks you but does no damage.
You take 15 damage, and have 5/90 hp.
Okay, then.
Blink to where?
Press: ? - help, Dir - move target
As you read the scroll of blinking, it crumbles to dust.
As you read the scroll of teleportation, it crumbles to dust.
You feel strangely unstable.
Okay, then.
You block the centaur warrior zombie's attack. x2
Your surroundings suddenly seem different.
You stumble into a teleport trap!
You are suddenly yanked towards some nearby monsters!
Your surroundings suddenly seem different.
You feel yourself speed up. The wight hits you but does no damage.
You block the wight's attack. x2
An electric eel comes into view.
The electric eel shoots out a bolt of lightning at you!
The bolt of electricity misses you. The wight closely misses you.
The electric eel shoots out a bolt of lightning at you!
The bolt of electricity hits you but does no damage.
You block the wight's attack. The wight hits you but does no damage.
The electric eel shoots out a bolt of lightning at you!
The bolt of electricity hits you.
* * * LOW HITPOINT WARNING * * *
You block the wight's attack. The wight misses you.
You block the wight's attack.
Found a scroll of immolation.
Found a stone staircase leading down. 3 wights come into view.
A wight is wielding a +4 spear of freezing.
You hit the wight but do no damage. You block the wight's attack.
The electric eel shoots out a bolt of lightning at you!
The bolt of electricity hits you.
You die...

.....
............###
##...
...............
.'...
..............
#...
##.............
##..Z
...#...........
.....
......8.....#
.....
........z...#
....#
.....z.@z..?#
...
#......#'#'##
.... #......
... ....#
.....>. .....
..... .......
..#...# .....
....... .......
####.. ≈≈≈≈≈≈≈
≈≈≈≈≈≈. #....#
≈≈≈≈≈≈≈ ≈≈;≈ ≈.
#..... #.....


You could see an electric eel and 3 wights.

Vanquished Creatures
  A minotaur (Gauntlet)
  5 two-headed ogres
  Pikel (D:5)
  A gargoyle (D:10)
  An unseen horror (D:10)
  A komodo dragon (D:10)
  5 slime creatures (D:11)
  5 yaks (D:10)
  A wyvern (shapeshifter) (Gauntlet)
  5 shadows
  A wyvern (D:9)
  A naga (D:8)
  Menkaure (D:5)
  A water moccasin (D:9)
  3 orc warriors
  An ice beast (D:7)
  A black bear (D:5)
  A sky beast (D:6)
  2 ogres (D:7)
  3 necrophages (D:11)
  8 centaurs
  3 kobold brigands
  Blork the orc (D:5)
  A gnoll sergeant (D:8)
  2 scorpions (D:4)
  4 bullfrogs
  4 killer bees
  6 wights
  An electric eel (D:11)
  7 howler monkeys
  A bullfrog zombie (D:5)
  6 centaur zombies
  A jelly (D:7)
  2 hounds
  6 orc priests
  2 bullfrog skeletons (D:6)
  2 iguanas
  A scorpion zombie (D:5)
  13 orc wizards
  4 mummies (D:11)
  Robin (D:3)
  11 adders
  12 gnolls
  A howler monkey skeleton (D:6)
  A white imp (D:8)
  An ufetubus (D:5)
  An adder skeleton (D:4)
  5 worms
  3 dart slugs
  39 orcs
  6 ball pythons
  6 endoplasms
  4 giant cockroaches
  13 goblins
  9 hobgoblins
  A jackal (D:3)
  A quokka (D:1)
  8 bats
  A frilled lizard (D:1)
  21 kobolds
  4 rats
265 creatures vanquished.

Vanquished Creatures (others)
  14 plants (D:8)
  3 withered plants (D:11)
17 creatures vanquished.

Grand Total: 282 creatures vanquished

Notes
Turn   | Place    | Note
-------+----------+-------------------------------------------
     0 | D:1      | jasper the Demonspawn Wanderer began the quest for the Orb.
     0 | D:1      | jasper set off with the following items: a +2 dagger, a
                  | potion of heal wounds, a +0 hand crossbow, 20 bolts, a +0
                  | spear, a +0 robe
     0 | D:1      | Reached XP level 1. HP: 16/16 MP: 1/1
   378 | D:1      | Gained mutation: A meltable shield of frost defends you.
                  | (SH +4) [demonic ancestry]
   378 | D:1      | Reached XP level 2. HP: 20/22 MP: 2/2
  1473 | D:2      | Found a faded altar of an unknown god.
  1515 | D:2      | Reached XP level 3. HP: 21/27 MP: 3/3
  2092 | D:2      | Gained mutation: You have sharp fingernails. [demonic
                  | ancestry]
  2092 | D:2      | Reached XP level 4. HP: 33/33 MP: 4/4
  2898 | D:3      | Noticed Robin
  2901 | D:3      | Killed Robin
  2902 | D:3      | Gained mutation: A meltable icy envelope protects you from
                  | harm. (AC +8) [demonic ancestry]
  2902 | D:3      | Reached XP level 5. HP: 38/38 MP: 5/5
  3406 | D:3      | Noticed Sigmund
  3621 | D:4      | Reached skill level 5 in Crossbows
  3719 | D:4      | Reached XP level 6. HP: 44/44 MP: 6/6
  4098 | D:4      | Noticed Grinder
  4099 | D:4      | Paralysed by Grinder for 2 turns
  4103 | D:4      | Paralysed by Grinder for 7 turns
  4395 | D:5      | Entered Level 5 of the Dungeon
  4658 | D:5      | Gained mutation: You may rarely emit foul miasma when
                  | damaged in melee. [demonic ancestry]
  4658 | D:5      | Reached XP level 7. HP: 50/50 MP: 7/7
  4805 | D:5      | Noticed Menkaure
  4810 | D:5      | Killed Menkaure
  4811 | D:5      | Reached skill level 5 in Shields
  5139 | D:5      | Noticed Blork the orc
  5162 | D:5      | Killed Blork the orc
  5628 | D:5      | Identified a scroll of acquirement
  5628 | D:5      | Acquired the amulet of Jemiomm {Acrobat *Slow rPois rF+
                  | rC++ Str+4}
  5679 | D:5      | Gained mutation: When seriously injured, your bleeding
                  | wounds create armour. (AC +6) [demonic ancestry]
  5679 | D:5      | Reached XP level 8. HP: 44/56 MP: 8/8
  6166 | D:6      | Noticed Pikel
  6719 | D:5      | Killed Pikel
  6720 | D:5      | Reached XP level 9. HP: 61/61 MP: 9/9
  7009 | D:6      | Found a staircase to the Ecumenical Temple.
  7190 | Temple   | Entered the Ecumenical Temple
  7196 | Temple   | Became a worshipper of Cheibriados the Contemplative
  7250 | D:7      | Reached skill level 10 in Shields
  7250 | D:7      | Reached skill level 1 in Invocations
  7268 | D:7      | Reached skill level 1 in Unarmed Combat
  7802 | D:7      | Reached * piety under Cheibriados
  8356 | D:7      | Acquired 620 gold pieces
  8924 | D:8      | Reached skill level 5 in Fighting
  9281 | D:8      | Noticed a two-headed ogre
  9293 | D:8      | Killed a two-headed ogre
  9294 | D:8      | Gained mutation: You sometimes emit foul miasma when
                  | damaged in melee. [demonic ancestry]
  9294 | D:8      | Reached XP level 10. HP: 47/76 MP: 11/11
  9297 | D:8      | Reached ** piety under Cheibriados
  9314 | D:8      | Reached skill level 5 in Unarmed Combat
 10335 | D:9      | Noticed a two-headed ogre
 10350 | D:9      | Killed a two-headed ogre
 10685 | D:9      | Noticed a two-headed ogre
 10700 | D:9      | Killed a two-headed ogre
 11064 | D:10     | Entered Level 10 of the Dungeon
 11371 | D:10     | Reached *** piety under Cheibriados
 11417 | D:10     | Acquired a +2 tower shield of fire resistance
 11688 | D:10     | Found a staircase to the Lair.
 12143 | D:10     | Gained mutation: A meltable icy envelope protects you from
                  | harm. (AC +8) [demonic ancestry]
 12143 | D:10     | Reached XP level 11. HP: 43/87 MP: 12/12
 12552 | D:10     | Identified the amulet of Nuetun {Spirit -Tele Str-4 Int+8}
 12757 | D:10     | Found a shimmering blue altar of Sif Muna.
 13162 | D:11     | Found a gate leading to a gauntlet.
 13177 | Gauntlet | Entered a Gauntlet
 13177 | Gauntlet | Found a transporter.
 13177 | Gauntlet | Found a transporter.
 13177 | Gauntlet | Found a transporter.
 13224 | Gauntlet | Noticed a sea snake
 13224 | Gauntlet | a manticore changed into a sea snake
 13226 | Gauntlet | Noticed a swamp dragon
 13226 | Gauntlet | a sea snake changed into a swamp dragon
 13227 | Gauntlet | Noticed a sea snake
 13227 | Gauntlet | a swamp dragon changed into a sea snake
 13232 | Gauntlet | a sea snake changed into an eye of devastation
 13233 | Gauntlet | Noticed a wizard
 13236 | Gauntlet | Noticed a mana viper
 13236 | Gauntlet | a swamp worm changed into a mana viper
 13237 | Gauntlet | Noticed a fire crab
 13237 | Gauntlet | a mana viper changed into a fire crab
 13237 | Gauntlet | Noticed a swamp dragon
 13237 | Gauntlet | a fire crab changed into a swamp dragon
 13241 | Gauntlet | Found a transporter.
 13247 | Gauntlet | Found a transporter.
 13249 | Gauntlet | Found a transporter.
 13261 | Gauntlet | Noticed an orb spider
 13261 | Gauntlet | a wind drake changed into an orb spider
 13262 | Gauntlet | Found a transporter.
 13284 | Gauntlet | Found a transporter.
 13309 | Gauntlet | Found a transporter.
 13354 | Gauntlet | Noticed a sea snake
 13354 | Gauntlet | Noticed a swamp dragon
 13354 | Gauntlet | a sea snake changed into a swamp dragon
 13357 | Gauntlet | a swamp dragon changed into a merfolk
 13365 | Gauntlet | Found a transporter.
 13365 | Gauntlet | Noticed a swamp dragon
 13365 | Gauntlet | a merfolk changed into a swamp dragon
 13366 | Gauntlet | a swamp dragon changed into a moth of wrath
 13369 | Gauntlet | Found a transporter.
 13369 | Gauntlet | Noticed a lindwurm
 13369 | Gauntlet | a moth of wrath changed into a lindwurm
 13373 | Gauntlet | Noticed a glowing orange brain
 13373 | Gauntlet | a lindwurm changed into a glowing orange brain
 13374 | Gauntlet | a glowing orange brain changed into an eye of devastation
 13375 | Gauntlet | Noticed a shock serpent
 13375 | Gauntlet | an eye of devastation changed into a shock serpent
 13376 | Gauntlet | a shock serpent changed into a water nymph
 13379 | Gauntlet | Found a transporter.
 13398 | Gauntlet | Noticed a wolf spider
 13398 | Gauntlet | a faun changed into a wolf spider
 13400 | Gauntlet | a wolf spider changed into a tyrant leech
 13405 | Gauntlet | Noticed an eight-headed hydra
 13405 | Gauntlet | a tyrant leech changed into an eight-headed hydra
 13410 | Gauntlet | Noticed a fire dragon
 13410 | Gauntlet | an eight-headed hydra changed into a fire dragon
 13415 | Gauntlet | Noticed an alligator
 13415 | Gauntlet | a fire dragon changed into an alligator
 13420 | Gauntlet | Noticed an ettin
 13420 | Gauntlet | an alligator changed into an ettin
 13422 | Gauntlet | Noticed a great orb of eyes
 13422 | Gauntlet | an ettin changed into a great orb of eyes
 13426 | Gauntlet | Noticed an ice dragon
 13426 | Gauntlet | a great orb of eyes changed into an ice dragon
 13433 | Gauntlet | Noticed a wolf spider
 13433 | Gauntlet | an ice dragon changed into a wolf spider
 13434 | Gauntlet | Noticed a sea snake
 13434 | Gauntlet | a wolf spider changed into a sea snake
 13437 | Gauntlet | Noticed a shock serpent
 13437 | Gauntlet | a sea snake changed into a shock serpent
 13439 | Gauntlet | a shock serpent changed into a torpor snail
 13443 | Gauntlet | Noticed a swamp dragon
 13443 | Gauntlet | a faun changed into a swamp dragon
 13445 | Gauntlet | a swamp dragon changed into a floating eye
 13449 | Gauntlet | Noticed a death drake
 13449 | Gauntlet | a torpor snail changed into a death drake
 13451 | Gauntlet | Noticed a lindwurm
 13451 | Gauntlet | a death drake changed into a lindwurm
 13454 | Gauntlet | Noticed a sea snake
 13454 | Gauntlet | a lindwurm changed into a sea snake
 13455 | Gauntlet | a sea snake changed into an eye of devastation
 13459 | Gauntlet | Noticed a glowing shapeshifter
 13459 | Gauntlet | a redback changed into a glowing shapeshifter
 13459 | Gauntlet | a glowing shapeshifter changed into an elephant
 13463 | Gauntlet | Noticed a deep troll
 13463 | Gauntlet | an elephant changed into a deep troll
 13470 | Gauntlet | Noticed a glowing orange brain
 13470 | Gauntlet | a deep troll changed into a glowing orange brain
 13474 | Gauntlet | Noticed a death drake
 13474 | Gauntlet | a glowing orange brain changed into a death drake
 13476 | Gauntlet | a death drake changed into a tyrant leech
 13493 | Gauntlet | Noticed a boulder beetle
 13493 | Gauntlet | a tyrant leech changed into a boulder beetle
 13497 | Gauntlet | Noticed a fire dragon
 13497 | Gauntlet | a boulder beetle changed into a fire dragon
 13505 | Gauntlet | Noticed a great orb of eyes
 13505 | Gauntlet | a fire dragon changed into a great orb of eyes
 13511 | Gauntlet | Noticed a goliath frog
 13511 | Gauntlet | a great orb of eyes changed into a goliath frog
 13514 | Gauntlet | Noticed a quicksilver ooze
 13514 | Gauntlet | a goliath frog changed into a quicksilver ooze
 13515 | Gauntlet | a quicksilver ooze changed into a tyrant leech
 13527 | Gauntlet | Noticed an entropy weaver
 13530 | Gauntlet | Noticed a goliath frog
 13530 | Gauntlet | an entropy weaver changed into a goliath frog
 13531 | Gauntlet | a goliath frog changed into a tyrant leech
 13532 | Gauntlet | Noticed a satyr
 13532 | Gauntlet | a tyrant leech changed into a satyr
 13535 | Gauntlet | Noticed an anaconda
 13535 | Gauntlet | a satyr changed into an anaconda
 13544 | Gauntlet | Noticed a great orb of eyes
 13544 | Gauntlet | an anaconda changed into a great orb of eyes
 13558 | Gauntlet | Noticed an alligator
 13558 | Gauntlet | a great orb of eyes changed into an alligator
 13564 | Gauntlet | Noticed a quicksilver ooze
 13564 | Gauntlet | an alligator changed into a quicksilver ooze
 13565 | Gauntlet | Noticed a goliath frog
 13565 | Gauntlet | a quicksilver ooze changed into a goliath frog
 13566 | Gauntlet | Noticed a five-headed hydra
 13566 | Gauntlet | a goliath frog changed into a five-headed hydra
 13568 | Gauntlet | a five-headed hydra changed into a tyrant leech
 13569 | Gauntlet | Noticed a spark wasp
 13569 | Gauntlet | a tyrant leech changed into a spark wasp
 13577 | Gauntlet | a spark wasp changed into a tyrant leech
 13578 | Gauntlet | Noticed an alligator
 13578 | Gauntlet | a tyrant leech changed into an alligator
 13589 | Gauntlet | Noticed a bunyip
 13589 | Gauntlet | an alligator changed into a bunyip
 13596 | Gauntlet | Noticed a spark wasp
 13596 | Gauntlet | a bunyip changed into a spark wasp
 13597 | Gauntlet | Noticed an entropy weaver
 13597 | Gauntlet | a spark wasp changed into an entropy weaver
 13600 | Gauntlet | Noticed a storm dragon
 13600 | Gauntlet | an entropy weaver changed into a storm dragon
 13603 | Gauntlet | Noticed a quicksilver ooze
 13603 | Gauntlet | a storm dragon changed into a quicksilver ooze
 13604 | Gauntlet | Noticed an ettin
 13604 | Gauntlet | a quicksilver ooze changed into an ettin
 13610 | Gauntlet | Noticed an alligator
 13610 | Gauntlet | an ettin changed into an alligator
 13611 | Gauntlet | Noticed an orb spider
 13611 | Gauntlet | a black bear changed into an orb spider
 13612 | Gauntlet | Noticed a fire dragon
 13612 | Gauntlet | an alligator changed into a fire dragon
 13613 | Gauntlet | a fire dragon changed into something unseen
 13617 | Gauntlet | an orb spider changed into a spriggan
 13621 | Gauntlet | Noticed a fire dragon
 13623 | Gauntlet | Noticed a spark wasp
 13623 | Gauntlet | a fire dragon changed into a spark wasp
 13624 | Gauntlet | Noticed a fire dragon
 13624 | Gauntlet | a spark wasp changed into a fire dragon
 13625 | Gauntlet | a fire dragon changed into a slime creature
 13637 | Gauntlet | Reached skill level 10 in Fighting
 13646 | Gauntlet | Identified the +0 pair of boots of Imperfection {rF+ rN+
                  | Str-3}
 13900 | Gauntlet | Identified the +5 scale mail of Defence {Int+3}
 13900 | Gauntlet | Noticed a minotaur
 13913 | Gauntlet | Killed a minotaur
 13913 | Gauntlet | Reached **** piety under Cheibriados
 13933 | Gauntlet | Identified the -4 cloak "Tiusomey" {+Blink SInv}
 13933 | Gauntlet | Identified the ring "Liaw" {rF+ rC+++ Str+3 Int-3 SInv}
 14055 | D:11     | Noticed a two-headed ogre
 14066 | D:11     | Killed a two-headed ogre
 14206 | D:11     | Noticed a two-headed ogre
 14219 | D:11     | Killed a two-headed ogre
 14220 | D:11     | Reached skill level 10 in Unarmed Combat
 14433 | D:11     | Noticed a two-headed ogre
 14448 | D:11     | HP: 4/90 [electric eel/bolt of electricity (4)]
 14449 | D:11     | Killed from afar by an electric eel

Illustrated notes

Levels and vault maps discovered:
D:1:      minmay_arrival_diagonal_passages, layout_loops_corners, minivault_11,
          minmay_distorted
D:2:      layout_rooms, shapermc_ecumenical_altar_starsandcircs, st_stairs_7
D:3:      layout_basic, minmay_joined_circles, uniq_sigmund, uniq_robin
D:4:      layout_basic, uniq_grinder
D:5:      layout_basic, serial_bayou_pond_e, kennysheep_generic_room_14,
          uniq_menkaure, uniq_blork_the_orc
D:6:      layout_cave_pools, temple_doors_ab, serial_glass, glass_columns_c,
          glass_columns_c, minmay_liquid_box, uniq_pikel
D:7:      layout_layer_cave, minmay_misc_feat_tiny
D:8:      minmay_weird_star, layout_loops_corners,
          hangedman_abyss_or_decor_stabs
D:9:      layout_roguey
D:10:     minmay_spotlight, layout_gridville, general_overflow_altar,
          nicolae_wwwww
D:11:     layout_basic, gauntlet_entry_generic, serial_undead, serial_undead_d,
          serial_undead_b, serial_undead_a, serial_undead_d, serial_undead_f,
          serial_undead_d, serial_undead_f, serial_undead_e, serial_undead_a,
          serial_undead_e, hangedman_glass_teeth
Temple:   nicolae_temple_the_god_donut

Skill      XL: |  1  2  3  4  5  6  7  8  9 10 11 |
---------------+----------------------------------+-----
Crossbows      | 2 3 4 5 |  5.0
Shields        | 2 4 7 9 10 | 10.0
Invocations    | 1 4 |  4.9
Unarmed Combat | 4 7 10 | 10.0
Fighting       | 5 8 10 | 10.0
Polearms       | |  2.6
Dodging        | |  1.0
Stealth        | |  1.7

Action                   |  1- 3 |  4- 6 |  7- 9 | 10-12 || total
-------------------------+-------+-------+-------+-------++-------
Melee: Dagger            |    49 |    67 |       |       ||   116
       Trident           |       |       |    65 |       ||    65
       Unarmed           |       |       |    27 |   304 ||   331
       Whip              |       |       |     7 |       ||     7
       Hand crossbow     |       |       |     2 |       ||     2
 Fire: Hand crossbow     |    68 |   183 |   330 |    88 ||   669
Throw: Dart              |       |     3 |    10 |     2 ||    15
Evoke: Wand              |       |       |    25 |    24 ||    49
  Use: Scroll            |     4 |     5 |     6 |     7 ||    22
       Potion            |     1 |     1 |     1 |     2 ||     5
 Stab: Sleeping          |     2 |       |       |       ||     2
Armor: Robe              |    18 |     1 |       |       ||    19
       Scale mail        |       |    54 |   191 |   180 ||   425
Dodge: Dodged            |    30 |    35 |   145 |   115 ||   325
Block: Kite shield       |    53 |   102 |   306 |    90 ||   551
       Tower shield      |       |       |       |   358 ||   358

Table legend: (Time is in decaauts)
 A = Elapsed time spent in this place.
 B = Non-inter-level travel time spent in this place.
 C = Inter-level travel time spent in this place.
 D = Time resting spent in this place.
 E = Time spent auto-exploring this place.
 F = Levels seen in this place.
 G = Mean time per level.
                   A        B        C        D        E       F      G
               +--------+--------+--------+--------+--------+-----+--------+
         Total |  16423 |  15996 |    427 |   2155 |  10545 |  13 | 1263.3 |
       Dungeon |  15442 |  15022 |    420 |   1914 |  10228 |  11 | 1403.8 |
        Temple |     14 |      7 |      7 |      0 |      0 |   1 |   14.0 |
      Gauntlet |    966 |    966 |      0 |    241 |    316 |   1 |  966.0 |
               +--------+--------+--------+--------+--------+-----+--------+

Top non-repeatable levels by time:
    D:10: 1958 daAuts
     D:5: 1840 daAuts
     D:8: 1828 daAuts
     D:9: 1720 daAuts
     D:7: 1511 daAuts
     D:1: 1488 daAuts
     D:3: 1168 daAuts
     D:6: 1107 daAuts
     D:2: 1074 daAuts
Gauntlet: 966 daAuts
    D:11: 926 daAuts
     D:4: 818 daAuts
  Temple: 14 daAuts
